[Event "Titled Tuesday Blitz March 22 Late 2022"]
[White "Tregubov, Pavel V."]
[Black "Van den Dikkenberg, Erik"]
[WhiteFideId "4115341"]
[BlackFideId "1005880"]
[WhiteElo "2341"]
[BlackElo "2118"]
[Result "1-0"]
[Round "01"]
[TimeControl "180+1"]
[Date "2022.03.22"]
[WhiteClock "0:00:19"]
[BlackClock "0:00:10"]

1. e4 c5 2. Nf3 d6 3. Bb5+ Nd7 4. Ba4 Nf6 5. O-O g6 6. Re1 Bg7 7. c3 O-O 8. d4 a6 9. e5 dxe5 10. dxe5 Ng4 11. e6 fxe6 12. Bb3 Nde5 13. Qxd8 Rxd8 14. Nxe5 Nxe5 15. Be3 c4 16. Bc2 Nd3 17. Bxd3 Rxd3 18. a4 e5 19. Nd2 Be6 20. Ne4 Rc8 21. Bb6 Rc6 22. a5 Bf5 23. Nc5 Rd2 24. Ra2 e4 25. Ra4 Rxb2 26. Rxc4 Rc2 27. h3 Rxc3 28. Rxc3 Bxc3 29. Rd1 Bxa5 30. Bxa5 Rxc5 31. Bb6 Rc6 32. Be3 Rd6 33. Rc1 Kf7 34. Rc7 Rd7 35. Rc5 Ke6 36. g4 Kd6 37. gxf5 gxf5 38. Rxf5 Ke6 39. Rh5 b5 40. Rh6+ Kd5 41. Rxa6 Kc4 42. Rc6+ Kb3 43. Rb6 b4 44. Bc5 Kc4 45. Bxb4 Kd3 46. Bc5 Ke2 47. Re6 Rd5 48. Be3 Kf3 49. Rxe7 Rd1+ 50. Kh2 h5 51. Rf7+ Ke2 52. Kg3 Rg1+ 53. Kh4 Rg2 54. Kxh5 Rh2 55. h4 Rh3 56. Kg5 Kd3 57. h5 Kc4 58. h6 Kd5 59. h7 Ke6 60. Ra7 Kd5 61. Kg6 Ke5 62. Ra8 1-0


[Site "https://www.chess.com"]

[Event "Titled Tuesday Blitz March 22 Late 2022"]
[White "Tsukerman, Julia"]
[Black "Golubev, Mikhail"]
[WhiteFideId "2621649"]
[BlackFideId "14100983"]
[WhiteElo "2095"]
[BlackElo "2374"]
[Result "1-0"]
[Round "01"]
[TimeControl "180+1"]
[Date "2022.03.22"]
[WhiteClock "0:00:43"]
[BlackClock "0:00:01"]

1. e4 c5 2. Nf3 d6 3. d4 cxd4 4. Nxd4 Nf6 5. Nc3 Nc6 6. Be3 Ng4 7. Nxc6 bxc6 8. Bc1 g6 9. Be2 Nf6 10. O-O Bg7 11. Be3 O-O 12. f3 Nd7 13. Bd4 Bxd4+ 14. Qxd4 Qb6 15. Qxb6 axb6 16. a3 Kg7 17. Kf2 b5 18. Ke3 Nb6 19. b3 f5 20. exf5 Bxf5 21. Bd3 Bxd3 22. Kxd3 Ra7 23. Ra2 Rfa8 24. Rfa1 h5 25. a4 b4 26. Ne4 Ra5 27. Re1 Nd5 28. Raa1 Rf8 29. Rad1 Nf4+ 30. Kc4 Rb8 31. Ng3 Rc5+ 32. Kd4 1-0


[Site "https://www.chess.com"]

[Event "Titled Tuesday Blitz March 22 Late 2022"]
[White "Urazayev, Arystanbek"]
[Black "Vusatiuk, Vladimir"]
[WhiteFideId "13709810"]
[BlackFideId "14118610"]
[WhiteElo "2393"]
[BlackElo "2157"]
[Result "1-0"]
[Round "01"]
[TimeControl "180+1"]
[Date "2022.03.22"]
[WhiteClock "0:01:54"]
[BlackClock "0:00:08"]

1. d4 Nf6 2. c4 e6 3. Nc3 Bb4 4. Nf3 O-O 5. Bg5 d5 6. e3 Nbd7 7. Rc1 h6 8. Bh4 c6 9. Bd3 Re8 10. O-O dxc4 11. Bxc4 b5 12. Bd3 Bb7 13. Ne4 Be7 14. Nc5 Nxc5 15. dxc5 Qd5 16. Qc2 Rad8 17. Rfd1 Qh5 18. Bg3 Nd5 19. a3 Bf6 20. Be2 a5 21. e4 Ne7 22. Ne5 Qxe5 23. Bxe5 Bxe5 24. Rxd8 Rxd8 25. Rd1 Bd4 26. b4 a4 27. g3 e5 28. Kg2 Bc8 29. h3 Be6 30. Rb1 f6 31. Bg4 Bc4 32. h4 g6 33. h5 g5 34. Be2 Be6 35. Rf1 f5 36. exf5 Nxf5 37. Bd3 Ne7 38. Be4 Nd5 39. Kh2 Kh8 40. Bxd5 cxd5 41. Qg6 Bg4 42. Qxh6+ Kg8 43. Qxg5+ Kf7 44. Qxd8 Be2 45. Qxd5+ Kf6 46. Re1 Bxh5 47. Qd6+ Kf5 48. Qd7+ Kg5 49. f4+ exf4 50. Qxd4 f3 51. Re5+ Kh6 52. Qd6+ Bg6 53. Re7 f2 54. Qf4+ Kh5 55. Re5+ Bf5 56. Rxf5+ Kg6 57. Qg5+ Kh7 58. Rf7+ Kh8 59. Qg7# 1-0


[Site "https://www.chess.com"]

[Event "Titled Tuesday Blitz March 22 Late 2022"]
[White "Urbina Perez, Juan Antonio"]
[Black "Shimanov, Aleksandr"]
[WhiteFideId "2217368"]
[BlackFideId "4198603"]
[WhiteElo "2192"]
[BlackElo "2636"]
[Result "0-1"]
[Round "01"]
[TimeControl "180+1"]
[Date "2022.03.22"]
[WhiteClock "0:01:01"]
[BlackClock "0:01:21"]

1. e4 c6 2. d4 d5 3. e5 Bf5 4. Nd2 e6 5. Nb3 Nd7 6. Nf3 a6 7. a4 Qc7 8. Be2 c5 9. dxc5 Bxc5 10. Nxc5 Qxc5 11. O-O Qxc2 12. Qxc2 Bxc2 13. Nd4 Bg6 14. f4 Ne7 15. Be3 Rc8 16. Rac1 O-O 17. Rxc8 Rxc8 18. Rc1 Rxc1+ 19. Bxc1 Nc5 20. a5 Nf5 21. Nxf5 Bxf5 22. Be3 Nb3 23. Bb6 Kf8 24. Kf2 Na1 25. Bd1 Bc2 26. Be2 Be4 27. g3 Ke7 28. Ke3 Nc2+ 29. Kd2 Kd7 30. Bd1 Nb4 31. Bc5 Nc6 32. Ba4 Ke8 33. Ke3 f6 34. g4 Kf7 35. h4 Nxa5 36. exf6 gxf6 37. g5 Nc4+ 38. Kd4 Nxb2 39. Bd7 Nd3 40. Bd6 Ne1 41. gxf6 Nf3+ 42. Ke3 Nxh4 43. Bc8 Nf5+ 0-1


[Site "https://www.chess.com"]

[Event "Titled Tuesday Blitz March 22 Late 2022"]
[White "Vasquez Schroeder, Rodrigo"]
[Black "Msellek, Ilyass"]
[WhiteFideId "3400042"]
[BlackFideId "675938"]
[WhiteElo "2561"]
[BlackElo "2219"]
[Result "1-0"]
[Round "01"]
[TimeControl "180+1"]
[Date "2022.03.22"]
[WhiteClock "0:02:14"]
[BlackClock "0:00:04"]

1. e4 d6 2. d4 Nf6 3. Nc3 e5 4. Nf3 Nbd7 5. Bc4 Be7 6. O-O O-O 7. Qe2 c6 8. Rd1 Qc7 9. a4 b6 10. d5 Bb7 11. dxc6 Bxc6 12. Bg5 Qb7 13. Bxf6 Nxf6 14. Nd5 Nxd5 15. Bxd5 Rac8 16. c4 Bxd5 17. Rxd5 Rc5 18. Rad1 Rfc8 19. b3 Rxd5 20. Rxd5 Rc5 21. Rxc5 bxc5 22. Qd3 g6 23. g3 h5 24. h4 Kg7 25. Nd2 Qb4 26. Nf1 Qb7 27. Ne3 a6 28. Kf1 Qb8 29. Ke2 Bd8 30. Nd5 Ba5 31. Qf3 Bd8 32. Kd2 Qc8 33. Ke2 Qb8 34. Kd1 Qc8 35. Kc1 Qb8 36. Kc2 Qc8 37. Qg2 Qg4 38. f3 Qe6 39. Kd3 f5 40. Qf2 Qf7 41. Ke2 fxe4 42. fxe4 Qxf2+ 43. Kxf2 g5 44. hxg5 Bxg5 45. Nc7 a5 46. Ne8+ Kg6 47. Nxd6 Bd2 48. Ke2 Bb4 49. Nf5 Kg5 50. Kf3 Bc3 51. Ne3 Bd4 52. Nd5 Bb2 53. Kg2 Bd4 54. Kh3 Bb2 55. Ne3 Bd4 56. Nf1 Bb2 57. Nh2 Bd4 58. Nf3+ Kg6 59. g4 Bc3 60. Kh4 hxg4 61. Kxg4 Bb2 62. Nh4+ Kf6 63. Kh5 Bd4 64. Nf5 Bc3 65. Ne3 Bd2 66. Ng4+ Ke6 67. Kg6 Bf4 68. Nf6 Be3 69. Nh5 Bd2 70. Ng7+ Kd6 71. Kf6 Bh6 72. Nf5+ 1-0


[Site "https://www.chess.com"]

[Event "Titled Tuesday Blitz March 22 Late 2022"]
[White "Villegas, Pierre"]
[Black "Maghsoodloo, Parham"]
[WhiteFideId "654183"]
[BlackFideId "12539929"]
[WhiteElo "2395"]
[BlackElo "2630"]
[Result "0-1"]
[Round "01"]
[TimeControl "180+1"]
[Date "2022.03.22"]
[WhiteClock "0:00:18"]
[BlackClock "0:01:15"]

1. d4 Nf6 2. c4 e6 3. Nc3 Bb4 4. f3 d5 5. a3 Be7 6. e4 dxe4 7. fxe4 c5 8. d5 exd5 9. exd5 Bd6 10. Nf3 O-O 11. Be2 Bg4 12. O-O Nbd7 13. Bg5 h6 14. Bh4 Re8 15. Qd2 a6 16. Rae1 Qc7 17. h3 Bh5 18. g4 Bg6 19. Bd3 Rxe1 20. Rxe1 Bg3 21. Bxg6 Bxe1 22. Bxf7+ Kxf7 23. Bxe1 Re8 24. Kg2 Qb6 25. g5 hxg5 26. Nxg5+ Kg8 27. Ne6 Qb3 28. Qe2 b5 29. Bh4 Qxc4 30. Qxc4 bxc4 31. Bxf6 Nxf6 32. Nxc5 Rb8 33. N5a4 Nd7 34. Kg3 Ne5 35. Nc5 Rxb2 36. d6 Kf7 37. Nd5 Rb5 0-1


[Site "https://www.chess.com"]

[Event "Titled Tuesday Blitz March 22 Late 2022"]
[White "Winkels, Marcel"]
[Black "Jaferian, Koosha"]
[WhiteFideId "1003887"]
[BlackFideId "12507440"]
[WhiteElo "1900"]
[BlackElo "2030"]
[Result "0-1"]
[Round "01"]
[TimeControl "180+1"]
[Date "2022.03.22"]
[WhiteClock "0:00:05"]
[BlackClock "0:00:36"]

1. b3 d5 2. Bb2 Bf5 3. Nf3 e6 4. e3 Nf6 5. Be2 Bd6 6. d3 h6 7. Nbd2 Nbd7 8. O-O a5 9. a3 O-O 10. c4 c6 11. Qc2 Bh7 12. Rfc1 Qe7 13. Qd1 Rfc8 14. d4 Ne4 15. Ne5 f6 16. Nxd7 Qxd7 17. Nxe4 Bxe4 18. Bf3 Bh7 19. c5 Bc7 20. Qe2 e5 21. g3 Rf8 22. b4 Rae8 23. Bg2 Qf7 24. Bf3 e4 25. Bh5 Bg6 26. Bg4 f5 27. Bh3 Bh5 28. Qf1 Qg6 29. Bg2 Bf3 30. b5 Bxg2 31. Kxg2 f4 32. exf4 Bxf4 33. Re1 Bc7 34. b6 Bb8 35. Qe2 Rf3 36. Bc1 h5 37. Bd2 h4 38. Be3 Re6 39. Qd2 hxg3 40. hxg3 Bxg3 41. Kf1 Ref6 42. Ke2 Bxf2 43. Rf1 Rxe3+ 44. Kd1 Rd3 0-1


[Site "https://www.chess.com"]

[Event "Titled Tuesday Blitz March 22 Late 2022"]
[White "Yi, Richard"]
[Black "Cramling Bellon, Anna"]
[WhiteFideId "2079518"]
[BlackFideId "32009232"]
[WhiteElo "2147"]
[BlackElo "1905"]
[Result "1-0"]
[Round "01"]
[TimeControl "180+1"]
[Date "2022.03.22"]
[WhiteClock "0:00:09"]
[BlackClock "0:00:02"]

1. d4 Nf6 2. Nf3 d5 3. c4 e6 4. g3 c6 5. Bg2 Bb4+ 6. Bd2 Bd6 7. Qc2 Nbd7 8. O-O O-O 9. b3 Re8 10. Bc3 Ne4 11. Bb2 f5 12. Ne5 Nxe5 13. dxe5 Bc5 14. Nd2 Nxd2 15. Qxd2 dxc4 16. Qc3 Bd7 17. Qxc4 Qb6 18. Rac1 Bf8 19. Qa4 Rad8 20. Rfd1 Bc5 21. e3 Qb4 22. Qxb4 Bxb4 23. Bd4 Re7 24. Rc4 Ba5 25. Bxa7 b6 26. Bxc6 b5 27. Bxb5 Bxb5 28. Rcd4 Rxd4 29. Bxd4 Rd7 30. Rc1 Kf7 31. Kg2 Bd3 32. Kf3 Be4+ 33. Ke2 Bc7 34. a4 Ke7 35. b4 Kd8 36. b5 Ba5 37. f3 Bb7 38. h4 Rc7 39. Rc5 Rxc5 40. Bxc5 Kd7 41. h5 h6 42. Bf8 g5 43. hxg6 Ke8 44. Bd6 1-0


[Site "https://www.chess.com"]

[Event "Titled Tuesday Blitz March 22 Late 2022"]
[White "Yoo, Christopher Woojin"]
[Black "Altman, Joshua"]
[WhiteFideId "30909694"]
[BlackFideId "426210"]
[WhiteElo "2105"]
[BlackElo "1945"]
[Result "1-0"]
[Round "01"]
[TimeControl "180+1"]
[Date "2022.03.22"]
[WhiteClock "0:01:54"]
[BlackClock "0:02:39"]

1. d4 Nf6 2. Nf3 e6 3. Bf4 b6 4. e3 Bb7 5. Nbd2 Be7 6. h4 c5 7. c3 cxd4 8. cxd4 d6 9. Bd3 Nbd7 10. Nc4 Nf8 11. Qa4+ Qd7 12. Nxd6+ Bxd6 13. Bb5 1-0


[Site "https://www.chess.com"]

[Event "Titled Tuesday Blitz March 22 Late 2022"]
[White "Yuan, Qingyu"]
[Black "Donchenko, Anatoly"]
[WhiteFideId "8609772"]
[BlackFideId "4106091"]
[WhiteElo "2359"]
[BlackElo "2339"]
[Result "1-0"]
[Round "01"]
[TimeControl "180+1"]
[Date "2022.03.22"]
[WhiteClock "0:01:04"]
[BlackClock "0:02:09"]

1. e4 Nf6 2. e5 Nd5 3. c4 Nb6 4. d4 d6 5. f4 dxe5 6. fxe5 Nc6 7. Be3 Bf5 8. Nc3 e6 9. Nf3 Qd7 10. Be2 O-O-O 11. O-O Bg4 12. Ng5 Bxe2 13. Qxe2 Nxd4 14. Bxd4 Qxd4+ 15. Kh1 Qd2 16. Nxf7 Qxe2 17. Nxe2 Bc5 18. Nf4 Rde8 19. Nxh8 Rxh8 20. Nxe6 Be3 21. Rf7 Nxc4 22. Rxc7+ Kb8 23. Rxc4 Re8 24. Rd1 Bb6 25. Nc5 1-0


[Site "https://www.chess.com"]

[Event "Titled Tuesday Blitz March 22 Late 2022"]
[White "Zanette, Edgard Vinicius"]
[Black "Mikhailov, Viacheslav"]
[WhiteFideId "2109263"]
[BlackFideId "4187369"]
[WhiteElo "2182"]
[BlackElo "2381"]
[Result "0-1"]
[Round "01"]
[TimeControl "180+1"]
[Date "2022.03.22"]
[WhiteClock "0:00:22"]
[BlackClock "0:02:06"]

1. e4 d6 2. d4 Nf6 3. Nc3 g6 4. g3 Bg7 5. Bg2 O-O 6. Nge2 e5 7. O-O exd4 8. Nxd4 Nc6 9. Nxc6 bxc6 10. e5 dxe5 11. Bxc6 Bh3 12. Qxd8 Raxd8 13. Re1 Rd6 14. Bg2 Bxg2 15. Kxg2 Nd5 16. Nxd5 Rxd5 17. Be3 Ra5 18. a4 Rb8 19. Ra2 e4 20. Bd2 Rd5 21. Bc1 f5 22. b3 a6 23. Bb2 Bxb2 24. Rxb2 Rd2 25. Kf1 Kf7 26. Re2 Rbd8 27. Rxd2 Rxd2 28. Ke1 e3 29. fxe3 Rxh2 30. b4 Ke6 31. b5 axb5 32. axb5 Ke5 33. b6 cxb6 34. Rxb6 Rxc2 35. Rb7 Ke4 36. Rxh7 Kxe3 37. Kf1 Kf3 38. Ke1 Kxg3 39. Rg7 Rc6 40. Ke2 f4 41. Rf7 g5 42. Rf5 g4 43. Ra5 f3+ 44. Ke3 Re6+ 45. Kd3 f2 46. Rf5 Kg2 0-1


[Site "https://www.chess.com"]

[Event "Titled Tuesday Blitz March 22 Late 2022"]
[White "Zhigalko, Sergei"]
[Black "Kovanova, Baira"]
[WhiteFideId "13502956"]
[BlackFideId "4164083"]
[WhiteElo "2662"]
[BlackElo "2190"]
[Result "1-0"]
[Round "01"]
[TimeControl "180+1"]
[Date "2022.03.22"]
[WhiteClock "0:00:37"]
[BlackClock "0:00:03"]

1. e4 e5 2. Nf3 Nc6 3. Bc4 Nf6 4. d3 Bc5 5. O-O d6 6. Nbd2 Na5 7. h3 Nxc4 8. Nxc4 Be6 9. b3 h6 10. Re1 O-O 11. Bb2 Nh5 12. Nfxe5 Qh4 13. d4 dxe5 14. dxc5 Bxc4 15. bxc4 Qg5 16. Qg4 Rfe8 17. Rad1 Qxg4 18. hxg4 Nf6 19. f3 Kf8 20. Kf2 c6 21. Rd6 Re7 22. Red1 Rae8 23. Bc1 Re6 24. g5 hxg5 25. Bxg5 Nh7 26. Be3 Nf6 27. g4 Ke7 28. Bg5 Rxd6 29. cxd6+ Kd7 30. Bxf6 gxf6 31. c5 Rh8 32. Rb1 Kc8 33. Kg3 Rd8 34. Rh1 b6 35. Rh6 bxc5 36. Rxf6 Kd7 37. g5 1-0


[Site "https://www.chess.com"]

[Event "Titled Tuesday Blitz March 22 Late 2022"]
[White "Zhukov, Maksim"]
[Black "Fishbein, Alexander"]
[WhiteFideId "34181790"]
[BlackFideId "2000377"]
[WhiteElo "1978"]
[BlackElo "2442"]
[Result "0-1"]
[Round "01"]
[TimeControl "180+1"]
[Date "2022.03.22"]
[WhiteClock "0:00:35"]
[BlackClock "0:01:28"]

1. d4 Nf6 2. Nf3 g6 3. g3 Bg7 4. Bg2 O-O 5. O-O d6 6. c4 Nc6 7. Nc3 e5 8. dxe5 dxe5 9. Qxd8 Rxd8 10. Bg5 h6 11. Bxf6 Bxf6 12. Nd5 Kg7 13. Nxc7 Rb8 14. Nd5 e4 15. Nd2 Bxb2 16. Rab1 Ba3 17. Nxe4 Be6 18. Nec3 Ne5 19. Ne3 Nxc4 20. Nxc4 Bxc4 21. Rxb7 Rxb7 22. Bxb7 Bb4 23. Rc1 Be6 24. e4 Rd2 25. Bd5 Bh3 26. Nb5 Bc5 27. e5 Bxf2+ 28. Kh1 Rxd5 0-1


[Site "https://www.chess.com"]

[Event "Titled Tuesday Blitz March 22 Late 2022"]
[White "Abdrlauf, Elham"]
[Black "Domingo Nunez, Alejandro"]
[WhiteFideId "1533533"]
[BlackFideId "22245561"]
[WhiteElo "2334"]
[BlackElo "2215"]
[Result "1-0"]
[Round "02"]
[TimeControl "180+1"]
[Date "2022.03.22"]
[WhiteClock "0:00:24"]
[BlackClock "0:00:01"]

1. Nf3 g6 2. d4 Bg7 3. e4 c6 4. Nc3 d5 5. e5 f6 6. exf6 exf6 7. Bd3 Nh6 8. O-O O-O 9. h3 Na6 10. Re1 Nc7 11. Bf4 Nf7 12. Qd2 Ne6 13. Bg3 Bd7 14. Ne2 Bh6 15. Qb4 Qb6 16. Qe7 Rad8 17. Nc3 Nf4 18. Na4 Qa5 19. Nc5 Bc8 20. a3 Nh5 21. Bc7 Rde8 22. Bxa5 Rxe7 23. Rxe7 b6 24. Rxa7 bxc5 25. dxc5 Nf4 26. Bd2 Ne5 27. Bxf4 Bxf4 28. Nxe5 fxe5 29. b4 e4 30. Ba6 Be5 31. Rf1 Be6 32. Re7 Rf6 33. Bc8 Bxc8 34. Rxe5 Kf7 35. f3 Ba6 36. Rf2 1-0


[Site "https://www.chess.com"]

[Event "Titled Tuesday Blitz March 22 Late 2022"]
[White "Akobian, Varuzhan"]
[Black "Krishnan, Varun"]
[WhiteFideId "13300580"]
[BlackFideId "5054508"]
[WhiteElo "2634"]
[BlackElo "2595"]
[Result "0-1"]
[Round "02"]
[TimeControl "180+1"]
[Date "2022.03.22"]
[WhiteClock "0:00:04"]
[BlackClock "0:00:06"]

1. d4 d5 2. c4 e6 3. Nc3 Be7 4. cxd5 exd5 5. Bf4 c6 6. Qc2 Bd6 7. Bxd6 Qxd6 8. e3 Ne7 9. Bd3 g6 10. f3 O-O 11. Nge2 a5 12. O-O b5 13. e4 a4 14. e5 Qd8 15. Ng3 Qb6 16. Nce2 Na6 17. a3 c5 18. Qd2 cxd4 19. Kh1 Nc6 20. f4 Nc5 21. Rad1 Ba6 22. f5 Nxd3 23. Qh6 Ncxe5 24. Nh5 gxh5 25. Qxb6 b4 26. Nxd4 Nxb2 27. Qxb4 Nxd1 28. Rxd1 Nd3 29. Qd2 Kh8 30. h3 Rae8 31. Rb1 Bc4 32. Qh6 Rg8 33. Qf6+ Rg7 34. Rb7 Nf2+ 35. Kh2 Ne4 36. Qh6 Reg8 37. g4 hxg4 38. h4 g3+ 39. Kg1 g2 40. Ne6 fxe6 41. Rxg7 Rxg7 42. f6 Rf7 0-1


[Site "https://www.chess.com"]

[Event "Titled Tuesday Blitz March 22 Late 2022"]
[White "Aldokhin, Ivan"]
[Black "Yordanov, Nikolay Plamenov"]
[WhiteFideId "24115720"]
[BlackFideId "2907445"]
[WhiteElo "2231"]
[BlackElo "2248"]
[Result "1-0"]
[Round "02"]
[TimeControl "180+1"]
[Date "2022.03.22"]
[WhiteClock "0:00:05"]
[BlackClock "0:00:05"]

1. e4 c5 2. Nf3 Nc6 3. d4 cxd4 4. Nxd4 Nf6 5. Nc3 e5 6. Nxc6 bxc6 7. Bd3 Bc5 8. O-O O-O 9. Kh1 d5 10. Bg5 d4 11. Ne2 Be7 12. Ng3 Ng4 13. Bd2 Bg5 14. Be1 Bf4 15. Nf5 Nxh2 16. g3 Nxf1 17. gxf4 Bxf5 18. exf5 Qh4+ 19. Kg2 Qh2+ 20. Kxf1 Qh1+ 21. Ke2 exf4 22. Kd2 f3 23. Be4 Qh6+ 24. Kd3 Rae8 25. Qxf3 Re5 26. f6 Rfe8 27. Bd2 Qxf6 28. Qxf6 gxf6 29. Bxc6 R8e6 30. Ba4 Kf8 31. Bb3 Rb6 32. a4 Ke7 33. a5 Rb7 34. a6 Rb6 35. Ra4 Rf5 36. Rxd4 Rxf2 37. Bb4+ Ke8 38. Ba4+ 1-0


[Site "https://www.chess.com"]

[Event "Titled Tuesday Blitz March 22 Late 2022"]
[White "Altman, Joshua"]
[Black "Zherebtsova, Alexandra"]
[WhiteFideId "426210"]
[BlackFideId "24129518"]
[WhiteElo "1945"]
[BlackElo "2025"]
[Result "1-0"]
[Round "02"]
[TimeControl "180+1"]
[Date "2022.03.22"]
[WhiteClock "0:00:54"]
[BlackClock "0:00:33"]

1. d4 d5 2. c4 e6 3. Nc3 Nf6 4. cxd5 exd5 5. Bg5 Be7 6. Qc2 c6 7. e3 Nbd7 8. Bd3 Nf8 9. Nf3 Ne6 10. Bh4 g6 11. O-O Ng7 12. Rab1 a5 13. a3 Nf5 14. Bg5 O-O 15. b4 axb4 16. axb4 b5 17. Ne5 Bb7 18. Bxf5 gxf5 19. Qxf5 Ra3 20. Ne2 Ne4 21. Bh6 Bc8 22. Qh5 Qe8 23. Ng3 Nd2 24. Nf5 Bxf5 25. Qxf5 Kh8 26. Nd7 Rg8 27. Nf6 1-0


[Site "https://www.chess.com"]

[Event "Titled Tuesday Blitz March 22 Late 2022"]
[White "Aravindh, Chithambaram VR."]
[Black "Jary, Sergey"]
[WhiteFideId "5072786"]
[BlackFideId "14110350"]
[WhiteElo "2561"]
[BlackElo "2260"]
[Result "1-0"]
[Round "02"]
[TimeControl "180+1"]
[Date "2022.03.22"]
[WhiteClock "0:02:35"]
[BlackClock "0:02:10"]

1. b3 Nf6 2. Bb2 g6 3. Bxf6 exf6 4. c4 Bg7 5. Nc3 O-O 6. g3 f5 7. Bg2 Nc6 8. e3 d6 9. Nge2 Be6 10. d4 Bd7 11. O-O Rb8 12. a3 a5 13. Rb1 Ne7 14. b4 axb4 15. axb4 c6 16. Qb3 Be6 17. Nf4 Qd7 18. d5 cxd5 19. cxd5 Bxc3 20. dxe6 Qc7 21. Rfc1 Rbc8 22. exf7+ Kh8 23. Ne6 Rxf7 24. Nxc7 1-0


[Site "https://www.chess.com"]

[Event "Titled Tuesday Blitz March 22 Late 2022"]
[White "Artemiev, Vladislav"]
[Black "Fier, Alexandr"]
[WhiteFideId "24101605"]
[BlackFideId "2107139"]
[WhiteElo "2811"]
[BlackElo "2571"]
[Result "1-0"]
[Round "02"]
[TimeControl "180+1"]
[Date "2022.03.22"]
[WhiteClock "0:00:05"]
[BlackClock "0:02:05"]

1. Nf3 Nf6 2. g3 g6 3. Bg2 Bg7 4. O-O O-O 5. d4 d5 6. Nbd2 c6 7. b3 a5 8. a4 Ne4 9. Bb2 Bf5 10. Nh4 Nxd2 11. Qxd2 Be6 12. e4 dxe4 13. Bxe4 Nd7 14. Rfe1 Nf6 15. Bg2 Bd5 16. Qe2 e6 17. Bf1 g5 18. Ng2 Bxg2 19. Bxg2 h6 20. Rad1 Nd5 21. c4 Nb4 22. d5 exd5 23. Bxg7 Kxg7 24. cxd5 Re8 25. Qb2+ Qf6 26. Qxf6+ Kxf6 27. dxc6 bxc6 28. Rd6+ Kg7 29. Rxe8 Rxe8 30. Bxc6 Re1+ 31. Kg2 Rb1 32. Bb5 Rxb3 33. Rd7 Rc3 34. Ra7 Nc2 35. Rxa5 Nd4 36. Bf1 g4 37. h3 f5 38. Rd5 Nf3 39. Rxf5 Kg6 40. hxg4 h5 41. Rxh5 Ne1+ 42. Kh3 Rc1 43. Rf5 Ra1 44. a5 Kh6 45. a6 Nc2 46. Bd3 Nd4 47. Rh5+ Kg7 48. g5 Nf3 49. Rh7+ Kg8 50. Rc7 Nxg5+ 51. Kg4 Ne6 52. Bc4 Kh8 53. Bxe6 Ra4+ 54. Rc4 Rxa6 55. Bf5 Kg7 56. f4 Ra3 57. Rc7+ Kf6 58. Rc6+ Kg7 59. Be4 Re3 60. Re6 Kh8 61. f5 Kg7 62. Kf4 Re1 63. g4 Rf1+ 64. Kg5 Re1 65. f6+ Kf8 66. Re7 Rh1 67. Bg6 Re1 68. Rxe1 Kg8 69. Re8# 1-0


[Site "https://www.chess.com"]

[Event "Titled Tuesday Blitz March 22 Late 2022"]
[White "Atanejhad, Sahebali"]
[Black "Karas, Marek"]
[WhiteFideId "12506664"]
[BlackFideId "14928558"]
[WhiteElo "1977"]
[BlackElo "2271"]
[Result "0-1"]
[Round "02"]
[TimeControl "180+1"]
[Date "2022.03.22"]
[WhiteClock "0:00:14"]
[BlackClock "0:00:11"]

1. d4 Nf6 2. c4 c5 3. d5 b5 4. cxb5 a6 5. bxa6 Bxa6 6. Nc3 g6 7. e4 Bxf1 8. Kxf1 d6 9. Nf3 Bg7 10. g3 O-O 11. Kg2 Nbd7 12. Qe2 Qa5 13. a4 Rfb8 14. Ra3 Ne8 15. Nb5 Nc7 16. Nxc7 Qxc7 17. h4 Rb4 18. h5 Rbxa4 19. Rxa4 Rxa4 20. hxg6 hxg6 21. Bh6 Bxh6 22. Rxh6 Kg7 23. Rh1 Ra8 24. Qe3 Rh8 25. Qc3+ Nf6 26. Rxh8 Kxh8 27. Ng5 Kg8 28. f4 Qc8 29. Qf3 Qb7 30. b3 Qb4 31. Kh3 Qd2 32. Qg2 Qd3 33. Qf3 Qb1 34. e5 Nh7 35. Nxh7 Kxh7 36. exd6 exd6 37. g4 Kg8 38. Kg3 Qg1+ 39. Kh3 Qd4 40. Kg3 Kg7 41. Kh3 Qf6 42. Kg3 g5 43. fxg5 Qxg5 44. Qc3+ Kg8 45. Qf3 Qe5+ 46. Kh4 Kg7 47. Kh3 f6 48. Kg2 Qd4 49. Kg3 Kh6 50. Kg2 Kg7 51. Kg3 Qa1 52. Kg2 Qe5 53. Kh3 Kf7 54. Kg2 Ke7 55. Kh3 Kd7 56. Kg2 Kc7 57. Kh3 Kb6 58. Kg2 Kb5 59. Qd3+ Kb4 60. Qc4+ Ka3 61. Kf3 Qb2 62. Kf4 Qxb3 63. Qxb3+ Kxb3 64. Kf5 c4 65. Kxf6 c3 66. g5 c2 67. g6 c1=Q 68. g7 Qf1+ 69. Ke7 Qg2 70. Kf8 Qxd5 71. g8=Q Qxg8+ 72. Kxg8 d5 0-1


[Site "https://www.chess.com"]

[Event "Titled Tuesday Blitz March 22 Late 2022"]
[White "Atzl, Florian"]
[Black "Swicarz, Maciej"]
[WhiteFideId "1635891"]
[BlackFideId "1113585"]
[WhiteElo "2085"]
[BlackElo "2057"]
[Result "1-0"]
[Round "02"]
[TimeControl "180+1"]
[Date "2022.03.22"]
[WhiteClock "0:01:30"]
[BlackClock "0:01:25"]

1. e4 c5 2. Nf3 d6 3. d4 cxd4 4. Nxd4 Nf6 5. Nc3 a6 6. h3 e5 7. Nde2 h5 8. g3 Qc7 9. Bg2 b5 10. Bg5 Nbd7 11. Qd2 Bb7 12. Rd1 Rc8 13. a3 Qc4 14. Qd3 Qc6 15. O-O Be7 16. Kh1 Nc5 17. Qe3 Nfxe4 18. Bxe7 Kxe7 19. Nd5+ Ke6 20. Bxe4 Nxe4 21. Qxe4 Qxd5 22. Rxd5 Bxd5 23. Nf4+ 1-0


[Site "https://www.chess.com"]

[Event "Titled Tuesday Blitz March 22 Late 2022"]
[White "Avazkhonov, Alikhon"]
[Black "Sanchez Alvares, Kelvin Antonio"]
[WhiteFideId "14208504"]
[BlackFideId "3906680"]
[WhiteElo "1739"]
[BlackElo "2193"]
[Result "0-1"]
[Round "02"]
[TimeControl "180+1"]
[Date "2022.03.22"]
[WhiteClock "0:00:13"]
[BlackClock "0:01:06"]

1. f4 d5 2. Nf3 Nf6 3. g3 g6 4. Bg2 Bg7 5. O-O O-O 6. d3 c5 7. Qe1 Nc6 8. e4 Bg4 9. Nc3 Bxf3 10. Bxf3 Nd4 11. Qf2 dxe4 12. dxe4 Nd7 13. Be3 e6 14. e5 Qb6 15. b3 Nf5 16. Rad1 Nxe3 17. Qxe3 c4 18. Qxb6 Nxb6 19. Bxb7 Rab8 20. Be4 cxb3 21. cxb3 Rfc8 22. Nb5 a6 23. Nd6 Rc5 24. Rc1 Rxc1 25. Rxc1 f6 26. exf6 Bxf6 27. Bb7 Be7 28. Bxa6 Bxd6 29. Re1 Bc5+ 30. Kg2 Kf7 31. a4 Nd5 32. Bc4 Ne3+ 33. Kf3 Nxc4 34. bxc4 Rb4 35. a5 Rxc4 36. Ra1 Rc3+ 37. Ke2 Ra3 38. Rxa3 Bxa3 39. a6 Bc5 40. Kd3 Ba7 41. Kc4 Kf6 42. Kb5 e5 43. Kc6 exf4 44. gxf4 Bf2 45. Kb7 Kf5 46. a7 Bxa7 47. Kxa7 Kxf4 48. Kb7 Kg4 49. Kc6 Kh3 50. Kd5 Kxh2 51. Ke4 g5 52. Kf3 h5 53. Kf2 g4 54. Kf1 g3 55. Ke2 g2 56. Kf3 g1=Q 57. Kf4 Qg3+ 0-1


[Site "https://www.chess.com"]

[Event "Titled Tuesday Blitz March 22 Late 2022"]
[White "Aydin, Gulenay"]
[Black "Grigorov, Grigor"]
[WhiteFideId "34557431"]
[BlackFideId "2907313"]
[WhiteElo "1429"]
[BlackElo "2510"]
[Result "0-1"]
[Round "02"]
[TimeControl "180+1"]
[Date "2022.03.22"]
[WhiteClock "0:00:11"]
[BlackClock "0:00:30"]

1. e4 c6 2. d4 d5 3. Nc3 dxe4 4. Nxe4 Nf6 5. Nxf6+ exf6 6. c3 Bd6 7. Bd3 O-O 8. Qc2 Re8+ 9. Ne2 h5 10. O-O h4 11. Bf4 Bxf4 12. Nxf4 Qd6 13. Qd2 Nd7 14. Rae1 Rd8 15. Qe3 Nf8 16. Qf3 g6 17. Re3 Bd7 18. Rfe1 Re8 19. Bc4 Kg7 20. Nd3 Nh7 21. Nc5 Ng5 22. Qd1 b6 23. Nxd7 Qxd7 24. f4 Nh7 25. Qf3 Rxe3 26. Qxe3 Rd8 27. Qf2 h3 28. gxh3 Qxh3 29. Re7 Rd7 30. Qe2 Rxe7 31. Qxe7 Qg4+ 32. Kh1 Qxf4 33. Qxf7+ Kh6 34. Qe6 Qf3+ 35. Kg1 Ng5 0-1


[Site "https://www.chess.com"]